 Dungeon Crawl Stone Soup version 0.31-a0-963-ga325b2283a (webtiles) character file.

Game seed: 7435945291073437392

2 Forgeling the Gusty (level 1, 0/11 HPs)
             Began as an Octopode Air Elementalist on Oct 24, 2023.
             Slain by a goblin
             ... wielding a +0 club
              (5 damage)
             ... on level 1 of the Dungeon.
             The game lasted 00:00:14 (87 turns).

Forgeling the Gusty (Octopode Air Elementalist)       Turns: 87, Time: 00:00:14

Health: 0/11       AC:  1    Str:  7    XL:     1   Next: 40%
Magic:  2/3        EV: 13    Int: 17    God:
Gold:   20         SH:  0    Dex: 12    Spells: 3/4 levels left

rFire   . . .        (no weapon)
rCold   . . .        (no shield)
rNeg    . . .        (helmet restricted)
rPois   .            (no amulet)
rElec   .            (no ring)
rCorr   .            (no ring)
SInv    .            (no ring)
Will    .....        (no ring)
Stlth   +++          (no ring)
HPRegen 0.21/turn    (no ring)
MPRegen 0.08/turn    (no ring)
                     (no ring)

%: no passive effects
@: no status effects
A: almost no armour, amphibious, 8 rings, camouflage 1, gelatinous body 1,
(nimble swimmer 1), tentacles
a: no special abilities


You were on level 1 of the Dungeon.
You visited 1 branch of the dungeon, and saw 1 of its levels.

You collected 20 gold pieces.

Inventory:

Potions
 Q - a potion of magic


   Skills:
 - Level 2.0 Dodging
 - Level 2.6 Stealth
 - Level 2.0 Spellcasting
 - Level 1.0 Conjurations
 + Level 3.2 Air Magic


You had 3 spell levels left.
You knew the following spells:

 Your Spells              Type           Power      Damage    Failure   Level
a - Shock                 Conj/Air       32%        1d5       9%          1

Your spell library contained the following spells:

 Spells                   Type           Power      Damage    Failure   Level
 Static Discharge         Conj/Air       16%        3-4/arc   12%         2
 Swiftness                Air            12%        N/A       16%         3
 Airstrike                Air            6%         2d(1-17)  45%         4


Dungeon Overview and Level Annotations

Branches:
Dungeon (1/15)

Altars:


Innate Abilities, Weirdness & Mutations

You cannot wear most types of armour.
You are amphibious.
You can wear up to eight rings at the same time.
Your skin changes colour to match your surroundings (Stealth+).
Your rubbery body absorbs attacks. (AC +1, EV +1)
((You are camouflaged when in or above water. (Stealth+)))
You have tentacles for arms and can constrict up to eight enemies at once.


Message History

Your grab misses the bat. You miss the bat. You grab the bat.
Your squeeze misses the bat.
You constrict the bat, but do no damage.
You tentacle-slap the bat but do no damage.
You constrict the bat, but do no damage.
The bat escapes!
You tentacle-slap the bat but do no damage.
Your grab misses the bat.
A goblin and a ball python come into view.
Found a book of Frost.
The bat hits you.
The frilled lizard hisses angrily.
You tentacle-slap the bat but do no damage.
You grab the bat. You constrict the bat.
The ball python hisses angrily.
The bat escapes!
The frilled lizard bites you.
You are too injured to fight recklessly!
You are too injured to fight recklessly!
The frilled lizard attacks as it pursues you!
You miss the frilled lizard. You grab the frilled lizard.
You constrict the frilled lizard. The bat hits you.
You tentacle-slap the frilled lizard.
You kill the frilled lizard!
The ball python attacks as it pursues you!
You tentacle-slap the ball python but do no damage.
You grab the ball python. You constrict the ball python.
The ball python grabs you. The ball python constricts you.
The ball python bites you.
* * * LOW HITPOINT WARNING * * *
The ball python constricts you.
Casting: Shock (safe; 9% risk of failure)
Confirm with . or Enter, or press ? or * to list all spells.
Aiming: Shock (safe; 9% risk of failure)
Press: ? - help, Shift-Dir - straight line The zap hits the ball python.
You kill the ball python!
The zap misses the goblin.
You tentacle-slap the goblin. Your grab misses the goblin.
The goblin is severely wounded.
The goblin hits you with a +0 club.
You die...

#.#.> .#.... ....
####... #......####
#.....##..##
#......gb..#
#.....@##..# ###
#.....##g[## #..
#.....#..##.. #.#
#.....#.S .. #..
#.....##. #. #.##
#......####..##.>###
#####.........#.##.##
# #.#.#####.#.....###
#.#.....#.#.##..##>


You could see a goblin and a bat.

Vanquished Creatures
  2 ball pythons (D:1)
  A frilled lizard (D:1)
3 creatures vanquished.

Notes
Turn   | Place    | Note
-------+----------+-------------------------------------------
     0 | D:1      | Forgeling the Octopode Air Elementalist began the quest for
                  | the Orb.
     0 | D:1      | Reached XP level 1. HP: 11/11 MP: 3/3
    87 | D:1      | Slain by a goblin

Illustrated notes

Levels and vault maps discovered:
D:1:      onia_arrival_handbag, layout_basic, hellmonk_ecumenical_altar_zigzags,
          nicolae_concentric_dashed_squares_mild, minmay_close_crescents

Action                     || total
---------------------------++-------
  Melee: Unarmed           ||    12
         Constrict         ||     5
   Cast: Shock             ||     1
   Stab: Sleeping          ||     1
 Armour: Skin              ||     8
  Dodge: Dodged            ||    12

Table legend: (Time is in decaauts)
 A = Elapsed time spent in this place.
 B = Non-inter-level travel time spent in this place.
 C = Inter-level travel time spent in this place.
 D = Time resting spent in this place.
 E = Time spent auto-exploring this place.
 F = Levels seen in this place.
 G = Mean time per level.
                   A        B        C        D        E       F      G
               +--------+--------+--------+--------+--------+-----+--------+
         Total |     87 |     87 |      0 |      0 |     61 |   1 |   87.0 |
       Dungeon |     87 |     87 |      0 |      0 |     61 |   1 |   87.0 |
               +--------+--------+--------+--------+--------+-----+--------+

Top non-repeatable levels by time:
     D:1: 87 daAuts
